 Dungeon Crawl Stone Soup version 0.15.0-27-gbdb0435 (webtiles) character file.

18536 Zverius the Slicer (level 12, -24/104 HPs)
             Began as a Hill Orc Fighter on Sept 10, 2014.
             Was a High Priest of Dithmenos.
             Annihilated by an ettin
             ... wielding a +0 great mace
              (29 damage)
             ... while paralysed by an orc sorcerer
             ... on Level 1 of the Orcish Mines on Sept 11, 2014.
             The game lasted 04:23:01 (17276 turns).

Zverius the Slicer (Hill Orc Fighter)              Turns: 17276, Time: 04:23:01

HP -24/104       AC 22     Str 25      XL: 12   Next: 59%
MP  12/12        EV  2     Int  9      God: Dithmenos [*****.]
Gold 688         SH  0     Dex 12      Spells:  0 memorised, 11 levels left

rFire  . . .     SeeInvis .     n - +12 cutlass of Laceration {speed, +Fly rElec rPois rN+}
rCold  . . .     Clarity  .     o - +0 plate armour
rNeg   + . .     rCorr    .     c - +2 shield
rPois  +         rRot     .     K - +2 helmet of Proximity {Str+3 Int+1 Curse}
rElec  +         Spirit   .     B - +0 cloak {rPois}
SustAb .         Warding  .     j - +0 pair of gloves
rMut   .         Rnd*Tele +     D - +0 pair of boots
Gourm  .                        (no amulet)
MR     .....                    V - ring of teleport control
                                q - cursed ring of teleportation

@: paralysed, wreathed by umbra, studying Slings, not resistant to hostile
enchantments, extremely unstealthy
A: no striking features
a: Shadow Step, Shadow Form, Renounce Religion, Evoke Flight, Evoke
Teleportation, Evoke Teleport Control


You were on level 1 of the Orcish Mines.
You worshipped Dithmenos.
Dithmenos was extremely pleased with you.
You were not hungry.

You visited 4 branches of the dungeon, and saw 17 of its levels.

You collected 1089 gold pieces.
You spent 401 gold pieces at shops.

Inventory:

Hand weapons
 n - the +12 cutlass of Laceration (weapon) {speed, +Fly rElec rPois rN+}
   (You found it on level 8 of the Dungeon)

   Attacks with this weapon are significantly faster.
   It insulates you from electricity.
   It protects you from poison.
   It protects you from negative energy.
   It lets you fly.
Missiles
 s - 40 stones
 u - 2 throwing nets
 w - a tomahawk of returning (quivered)
Armour
 b - a +0 plate armour
 c - a +2 shield (worn)
 j - a +0 pair of gloves (worn)
 o - a +0 plate armour (worn)
 B - a +0 cloak of poison resistance (worn)
 D - a +0 pair of boots (worn)
 K - the +2 helmet of Proximity (worn) {Str+3 Int+1 Curse}
   (You found it on level 1 of the Lair of Beasts)

   It affects your strength (+3).
   It affects your intelligence (+1).
   It may recurse itself when equipped.
 P - the +3 hat of Pondering {ponderous, MR+ MP+10 Int+5}
   (You took it off Gastronok on level 1 of the Lair of Beasts)

   It affects your intelligence (+5).
   It affects your resistance to hostile enchantments.
   It affects your magic capacity (+10).
Magical devices
 a - a wand of heal wounds (1) {unknown}
 t - a wand of polymorph (7) {unknown}
 y - a wand of teleportation (4)
 J - a wand of disintegration (9)
 T - a wand of slowing (20)
 W - a wand of fireball (7) {unknown}
Comestibles
 d - 9 meat rations
 v - 3 chunks of orc flesh
 C - 2 royal jellies
 H - 11 fruits
 L - 3 bread rations
Scrolls
 g - a scroll of blinking
 i - a scroll of random uselessness {unknown}
 r - 7 scrolls of teleportation
 G - a scroll of identify
 X - 2 scrolls of enchant weapon
Jewellery
 q - a cursed ring of teleportation (left hand)
 x - an uncursed ring of see invisible
 V - a ring of teleport control (right hand)
Potions
 e - 3 potions of might
 f - 2 potions of agility {unknown}
 h - 3 potions of restore abilities
 p - 2 potions of poison {unknown}
 F - a potion of lignification {unknown}
 O - 3 potions of heal wounds
 R - a potion of brilliance {unknown}
 Z - 2 potions of curing
Books
 m - a manual of Slings
Miscellaneous
 k - a sack of spiders
 l - a fan of gales


   Skills:
 + Level 9.3 Fighting
 * Level 10.7(11.5) Short Blades
   Level 8.0(10.8) Long Blades
 + Level 6.0 Throwing
 + Level 10.6 Armour
 - Level 1.3 Dodging
 - Level 0.1 Stealth
 + Level 10.2 Shields


You had 11 spell levels left.
You didn't know any spells.

Dungeon Overview and Level Annotations

Branches:
Dungeon (10/15)            Temple (1/1) D:6             Orc (1/4) D:10
   Lair (5/8) D:8
  Swamp: Lair:3-6    Shoals: Lair:3-6     Snake: Lair:3-6    Spider: Lair:3-6

Altars:
Ashenzari
Cheibriados
Dithmenos
Elyvilon
Fedhas
Kikubaaqudgha
Makhleb
Nemelex Xobeh
Okawaru
Qazlal
Sif Muna
Trog
Vehumet
Xom
Yredelemnul
Zin
The Shining One

Shops:
D:4 =   D:5 %


Message History

You kill the orc priest!
Dithmenos accepts your kill.
You slash the orc!
You kill the orc!
Dithmenos accepts your kill.
An orc comes into view.
It is wielding a club. 2 orcs come into view.
The orc shouts! x3
The orc sorcerer hits you but does no damage.
You see here a mace.
An orc comes into view. It is wielding a mace.
The orc shouts!
You block the ettin's attack. The ettin hits you with a dire flail.
The orc hits you but does no damage.
The orc sorcerer gestures at you while chanting.
You suddenly lose the ability to move!
The ettin hits you with a great mace!!
* * * LOW HITPOINT WARNING * * *
The ettin hits you with a dire flail!!
You die...

#......)[..§#
#.#.
#.........§§####
###..
........)..§.#.##
##....
........§.§§§#..#
#.....
..#.###.§.§§§...#
.#.....
.....####§§...##
##..P...
......#..o§..#
##.......
.......o.).$##
.#........
........@#.##
#..$#.##...
.......C####
......#.##..
......o
.....#...##.
.....oo
.........#.#
.......
..>......#...
.#....
..$..ooo..#.#
#....
.............
#..o .###........
. ##.......


You could see an ettin, an orc sorcerer and 5 orcs.

Vanquished Creatures
  Gastronok (Lair:1)
  Erolcha (D:9)
  Pikel (D:6)
  A hill giant (D:10)
  A harpy (D:9)
  A deep elf conjurer (D:9)
  A black mamba (Lair:2)
  2 spiny frogs
  4 komodo dragons
  Grinder (D:5)
  A polar bear (Lair:3)
  A queen bee (Lair:4)
  2 deep elf magi (D:9)
  A wyvern (Lair:5)
  2 basilisks (Lair:2)
  A redback (D:9)
  A spriggan (D:7)
  Eustachio (D:8)
  A hungry ghost (D:7)
  2 hippogriffs
  12 yaks
  5 wolves (Lair:4)
  Menkaure (D:7)
  3 porcupines
  9 orc warriors
  8 water moccasins
  3 slaves (D:6)
  A manticore zombie (D:9)
  3 ogres
  A phantom (D:8)
  2 ice beasts
  A centaur (D:8)
  9 crocodiles
  Sigmund (D:7)
  4 big kobolds
  11 giant frogs
  6 scorpions
  An eye of draining (D:10)
  23 killer bees
  3 electric eels (D:10)
  3 crimson imps (D:9)
  A goliath beetle (D:8)
  A giant frog skeleton (D:6)
  2 centaur zombies
  A centaur skeleton (D:8)
  9 orc priests
  10 hounds
  4 orc wizards
  Natasha (thrice) (D:4)
  3 iguanas
  9 worker ants
  8 sheep (Lair:3)
  A sky beast zombie (D:6)
  A worker ant zombie (D:8)
  11 gnolls
  50 green rats
  19 adders
  A giant mite (D:8)
  2 shadow imps
  2 worms
  An adder zombie (D:6)
  An iguana zombie (D:5)
  An iguana skeleton (D:5)
  3 giant geckos
  5 oozes
  42 orcs
  8 giant cockroaches
  13 goblins
  18 hobgoblins
  10 jackals
  10 quokkas
  2 ball pythons
  19 bats
  A giant cockroach zombie (D:5)
  2 giant gecko skeletons
  6 giant newts
  A gnoll skeleton (D:3)
  A goblin skeleton (D:5)
  65 kobolds
  An orc skeleton (D:6)
  20 rats
  A rat zombie (D:6)
  4 ballistomycetes (D:8)
  7 fungi
  4 plants
521 creatures vanquished.

Vanquished Creatures (others)
  An orc (D:10)
  A giant spore (D:8)
  A plant (Lair:4)
3 creatures vanquished.

Grand Total: 524 creatures vanquished

Notes
Turn   | Place    | Note
--------------------------------------------------------------
     0 | D:1      | Zverius, the Hill Orc Fighter, began the quest for the Orb.
     0 | D:1      | Reached XP level 1. HP: 19/19 MP: 1/1
   131 | D:1      | Reached XP level 2. HP: 25/27 MP: 2/2
   384 | D:2      | Reached skill level 4 in Fighting
   386 | D:2      | Reached XP level 3. HP: 33/33 MP: 3/3
   494 | D:2      | Reached XP level 4. HP: 24/41 MP: 4/4
  1246 | D:3      | Reached XP level 5. HP: 47/47 MP: 5/5
  1630 | D:4      | Found Shrotap's Jewellery Boutique.
  1659 | D:4      | Noticed Natasha
  1689 | D:4      | Killed Natasha
  1689 | D:4      | Reached skill level 1 in Dodging
  1782 | D:3      | Reached skill level 5 in Fighting
  1782 | D:3      | Reached XP level 6. HP: 7/56 MP: 6/6
  1803 | D:2      | HP: 2/56 [poisoned by a scorpion]
  2772 | D:4      | Reached skill level 5 in Shields
  3120 | D:4      | Noticed Natasha
  3132 | D:4      | Killed Natasha
  3485 | D:4      | Reached skill level 1 in Throwing
  3485 | D:4      | Reached skill level 5 in Armour
  3485 | D:4      | Reached XP level 7. HP: 25/61 MP: 7/7
  3996 | D:4      | Noticed Natasha
  4004 | D:4      | Killed Natasha
  4641 | D:4      | Found a shadowy altar of Dithmenos.
  4649 | D:4      | Found a glowing golden altar of the Shining One.
  4656 | D:4      | Found a snail-covered altar of Cheibriados.
  4672 | D:4      | Became a worshipper of Dithmenos the Shadowed
  4702 | D:4      | Bought an uncursed ring of poison resistance for 240 gold pieces
  4727 | D:5      | Entered Level 5 of the Dungeon
  4764 | D:5      | Found Psapihug's Food Shoppe.
  4783 | D:5      | Bought a slice of pizza for 21 gold pieces
  4855 | D:5      | Reached skill level 5 in Long Blades
  5067 | D:5      | Noticed Grinder
  5169 | D:5      | Found a glowing golden altar of the Shining One.
  5449 | D:5      | Reached XP level 8. HP: 66/69 MP: 8/8
  5540 | D:5      | Found a shattered altar of Ashenzari.
  5622 | D:5      | Paralysed by Grinder for 3 turns
  5627 | D:5      | Paralysed by Grinder for 2 turns
  5646 | D:5      | Killed Grinder
  5646 | D:5      | Reached skill level 6 in Long Blades
  5736 | D:6      | Found a blossoming altar of Fedhas.
  6317 | D:6      | Found a staircase to the Ecumenical Temple.
  6386 | Temple   | Entered the Ecumenical Temple
  6612 | D:7      | Noticed Pikel
  6857 | D:6      | Killed Pikel
  6857 | D:6      | Reached skill level 7 in Long Blades
  6857 | D:6      | Reached XP level 9. HP: 74/78 MP: 9/9
  7049 | D:7      | Noticed Menkaure
  7082 | D:7      | Killed Menkaure
  7161 | D:7      | Noticed Sigmund
  8745 | D:5      | Bought a meat ration for 70 gold pieces
  8745 | D:5      | Bought a meat ration for 70 gold pieces
  8878 | D:7      | Reached skill level 1 in Short Blades
  9118 | D:7      | Killed Sigmund
  9367 | D:7      | Reached skill level 8 in Long Blades
  9472 | D:8      | Got an ichor-stained cutlass
  9473 | D:8      | Identified the +12 cutlass of Laceration {speed, +Fly rElec rPois rN+} (You found it on level 8 of the Dungeon)
  9503 | D:8      | Found a staircase to the Lair.
  9589 | D:8      | Acquired Dithmenos' first power
  9701 | D:8      | Noticed Eustachio
  9712 | D:8      | Reached XP level 10. HP: 86/86 MP: 10/10
  9717 | D:8      | Killed Eustachio
 10160 | Lair:1   | Entered Level 1 of the Lair of Beasts
 10177 | Lair:1   | Got a faintly glowing helmet
 10183 | Lair:1   | Identified the +2 helmet of Proximity {Str+3 Int+1 Curse} (You found it on level 1 of the Lair of Beasts)
 10302 | Lair:1   | Noticed Gastronok
 10327 | Lair:1   | Killed Gastronok
 11374 | Lair:2   | Reached skill level 9 in Armour
 11493 | Lair:2   | Noticed a black mamba
 11502 | Lair:2   | Killed a black mamba
 11502 | Lair:2   | Reached XP level 11. HP: 82/92 MP: 11/11
 11587 | Lair:2   | Acquired Dithmenos' second power
 13017 | Lair:3   | Acquired Dithmenos' third power
 13332 | Lair:4   | Noticed a seven-headed hydra
 13426 | Lair:4   | Found an ancient bone altar of Kikubaaqudgha.
 13654 | Lair:4   | Identified a scroll of acquirement
 14244 | Lair:4   | Reached skill level 10 in Armour
 14295 | Lair:4   | Reached skill level 5 in Throwing
 14638 | Lair:1   | Reached XP level 12. HP: 92/103 MP: 12/12
 14728 | D:9      | Noticed Erolcha
 14742 | D:9      | Killed Erolcha
 14843 | D:9      | Reached skill level 10 in Short Blades
 15473 | D:10     | Entered Level 10 of the Dungeon
 15638 | D:10     | Found a staircase to the Orcish Mines.
 15674 | D:10     | Reached skill level 10 in Shields
 15739 | D:10     | Acquired Dithmenos' fourth power
 16960 | Orc:1    | Entered Level 1 of the Orcish Mines
 17269 | Orc:1    | Noticed an ettin
 17275 | Orc:1    | Paralysed by an orc sorcerer for 5 turns
 17276 | Orc:1    | HP: 5/104 [ettin/great mace (34)]
 17276 | Orc:1    | Annihilated by an ettin

Action                   |  1- 3 |  4- 6 |  7- 9 | 10-12 || total
-------------------------+-------+-------+-------+-------++-------
Melee: Long sword        |    93 |   422 |   498 |       ||  1013
       Short sword       |       |       |    97 |       ||    97
       Cutlass           |       |       |    54 |   973 ||  1027
 Fire: Blowgun           |       |    16 |       |       ||    16
Throw: Stone             |       |       |    29 |     1 ||    30
       Tomahawk          |       |       |       |    70 ||    70
 Abil: Evoke Teleport Co |       |       |       |    19 ||    19
       Evoke Flight      |       |       |       |     2 ||     2
Evoke: Wand              |       |       |     2 |     6 ||     8
       Sack of spiders   |       |       |       |     1 ||     1
  Use: Potion            |       |     3 |     5 |     2 ||    10
       Scroll            |       |     3 |     9 |    11 ||    23
  Eat: Chunk             |       |     3 |       |     4 ||     7
       Bread ration      |       |     1 |       |     4 ||     5
       Beef jerky        |       |     1 |       |     1 ||     2
       Meat ration       |       |       |     4 |     1 ||     5
       Pizza             |       |       |     1 |     1 ||     2
       Fruit             |       |       |     1 |       ||     1
